 Dungeon Crawl Stone Soup version 0.25.0-8-gfd19cd77bd (webtiles) character file.

Game seed: 15115411226376555321

4085 Kass the Grappler (level 10, -9/98 HPs)
             Began as a Troll Transmuter on June 16, 2020.
             Mangled by a troll (13 damage)
             ... on level 9 of the Dungeon.
             The game lasted 00:27:48 (6413 turns).

Kass the Grappler (Troll Transmuter)                Turns: 6413, Time: 00:27:49

Health: -9/98      AC:  7    Str: 23    XL:     10   Next: 5%
Magic:  8/10       EV: 10    Int:  9    God:
Gold:   473        SH:  0    Dex: 10    Spells: 5/11 levels left

rFire    . . .     SeeInvis .     - Unarmed
rCold    . . .     Gourm    +   (no shield)
rNeg     . . .     Faith    .   b - +1 robe
rPois    .         Spirit   .   (helmet restricted)
rElec    .         Reflect  .   (no cloak)
rCorr    .         Harm     .   (gloves unavailable)
MR       .....                  (boots unavailable)
Stlth    +.........             m - amulet of regeneration
HPRegen  1.06/turn              (no ring)
MPRegen  0.12/turn              (no ring)

@: about to teleport
A: large, unfitting armour, claws 3, fast metabolism 3, gourmand, regeneration
1, shaggy fur 1, tough skin 3
a: no special abilities


You were on level 9 of the Dungeon.
You were very full.

You visited 2 branches of the dungeon, and saw 10 of its levels.

You collected 473 gold pieces.

Inventory:

Missiles
 a - 142 arrows
 c - 40 poisoned darts (quivered)
 o - 16 javelins
 A - 8 boomerangs
Armour
 b - a +1 robe (worn)
Jewellery
 m - an amulet of regeneration (around neck)
 z - a -4 ring of dexterity
 G - an uncursed ring of magical power {unknown}
Wands
 n - a wand of random effects (13)
 v - a wand of polymorph (14)
Scrolls
 h - a scroll of enchant armour
 l - 9 scrolls of teleportation
 p - 2 scrolls of remove curse
 q - 5 scrolls of identify
 s - 3 scrolls of noise {unknown}
 t - a scroll of enchant weapon
 u - 2 scrolls of immolation {unknown}
 y - a scroll of vulnerability
 B - a scroll of magic mapping {unknown}
 D - a scroll of fog {unknown}
 E - a scroll of amnesia {unknown}
 F - a scroll of fear {unknown}
Potions
 e - 2 potions of cancellation
 f - 3 potions of brilliance
 g - 2 potions of invisibility
 i - a potion of ambrosia {unknown}
 j - 6 potions of curing
 k - 3 potions of flight {unknown}
 r - a potion of magic {unknown}
 w - 2 potions of stabbing
 x - a potion of degeneration {unknown}
 C - a potion of mutation {unknown}
 H - a potion of heal wounds {unknown}
Comestibles
 d - 21 rations


   Skills:
 + Level 5.8 Fighting
 + Level 2.5 Dodging
 + Level 1.2 Stealth
 + Level 10.2 Unarmed Combat
 - Level 1.2 Spellcasting
 + Level 5.3 Transmutations
 + Level 1.6 Evocations


You had 5 spell levels left.
You knew the following spells:

 Your Spells              Type           Power        Failure   Level  Hunger
a - Beastly Appendage     Tmut           ##....       4%          1    ##.....
b - Sticks to Snakes      Tmut           ##......     6%          2    ###....
c - Spider Form           Tmut/Pois      #.........   34%         3    ####...

Your spell library contained the following spells:

 Spells                   Type           Power        Failure   Level  Hunger
 Blade Hands              Tmut           ##........   73%         5    ######.
 Ice Form                 Ice/Tmut       #.......     75%         4    #####..


Dungeon Overview and Level Annotations

Branches:
Dungeon (9/15)             Temple (1/1) D:4
   Lair: D:8-11         Orc: D:9-12

Altars:
Ashenzari
Cheibriados
Dithmenos
Elyvilon
Fedhas
Kikubaaqudgha
Makhleb
Nemelex Xobeh
Okawaru
Qazlal
Ru
Sif Muna
Trog
Uskayaw
Vehumet
Wu Jian
Xom
Zin
The Shining One

Annotations:
D:4 exclusion: statue
D:7 2 transporters, Yosebu's ghost, novice TrBe


Innate Abilities, Weirdness & Mutations

You are too large for most types of armour.
You have claws for hands.
Your metabolism is lightning-fast.
You like to eat raw meat.
Your natural rate of healing is unusually fast.
You are covered in fur. (AC +1)
You have extremely tough skin. (AC +3)


Message History

a yak corpse x2
You barely miss the yak. The yak barely misses you.
You barely miss the yak. The yak gores you!
* * * LOW HITPOINT WARNING * * *
Casting: Beastly Appendage (safe; 4% risk of failure)
Confirm with . or Enter, or press ? or * to list all spells.
You create a snake!
You now have 142 arrows.
The yak gores you!
* * * LOW HITPOINT WARNING * * *
You swap places.
The yak gores your ball python!
Your ball python dies!
Things that are here:
a yak corpse x2
There is a stone staircase leading down, spattered with blood here.
You climb downwards.
The troll bites you!
* * * LOW HITPOINT WARNING * * *
The troll barely misses you. The troll closely misses you.
There is a stone staircase leading up, spattered with blood here.
As you read the scroll of teleportation, it crumbles to dust.
You feel strangely unstable. The troll bites you!
You die...

##................
##.................
#.)................
#...........!......
##..................
##...................
......................
####..................
##.......@......#..
##.....##T....##
##..### ###### #..##
.######.#########
.........<.......
#######.#...##...
.................
..........#######


You could see a troll.

Vanquished Creatures
  A hippogriff (D:6)
  A spriggan (D:7)
  4 yaks (D:8)
  A hungry ghost (D:7)
  Menkaure (D:5)
  Duvessa (D:7)
  2 sky beasts
  An orc warrior (D:7)
  An ice beast (D:6)
  An ogre (D:3)
  5 phantoms
  A centaur (D:7)
  2 bullfrogs
  Dowan (D:7)
  A water moccasin skeleton (D:8)
  3 scorpions
  4 wights (D:7)
  4 howler monkeys
  2 crimson imps
  A bullfrog zombie (D:6)
  A centaur zombie (D:6)
  2 hounds
  4 orc priests
  6 orc wizards
  A bullfrog skeleton (D:4)
  5 iguanas
  Jessica (D:2)
  7 worker ants
  A killer bee zombie (D:6)
  A hound skeleton (D:6)
  Robin (D:3)
  8 gnolls
  9 adders
  2 shadow imps
  2 oozes
  3 adder skeletons
  A worm (D:2)
  2 dart slugs
  5 leopard geckos
  32 orcs
  3 bats
  5 giant cockroaches
  13 goblins
  15 hobgoblins
  9 jackals
  5 quokkas
  7 frilled lizards
  A jackal skeleton (D:4)
  7 kobolds
  A leopard gecko zombie (D:5)
  3 quokka zombies (D:5)
  7 rats
208 creatures vanquished.

Vanquished Creatures (others)
  A centaur (D:6)
  A worm (D:6)
2 creatures vanquished.

Grand Total: 210 creatures vanquished

Notes
Turn   | Place    | Note
-------+----------+-------------------------------------------
     0 | D:1      | Kass the Troll Transmuter began the quest for the Orb.
     0 | D:1      | Reached XP level 1. HP: 18/18 MP: 1/1
   243 | D:1      | Reached XP level 2. HP: 26/26 MP: 2/2
   570 | D:1      | Reached skill level 4 in Unarmed Combat
   753 | D:2      | Reached XP level 3. HP: 15/32 MP: 3/3
   885 | D:2      | Reached XP level 4. HP: 34/40 MP: 4/4
  1031 | D:2      | Reached skill level 5 in Unarmed Combat
  1190 | D:2      | Noticed Jessica
  1206 | D:2      | Killed Jessica
  1427 | D:2      | Reached XP level 5. HP: 44/46 MP: 5/5
  1621 | D:3      | Reached skill level 6 in Unarmed Combat
  1772 | D:3      | Noticed Robin
  1792 | D:3      | Killed Robin
  1839 | D:3      | Found a snail-covered altar of Cheibriados.
  2014 | D:3      | Reached XP level 6. HP: 52/54 MP: 6/6
  2171 | D:4      | Found a staircase to the Ecumenical Temple.
  2194 | D:3      | Reached skill level 7 in Unarmed Combat
  2228 | Temple   | Entered the Ecumenical Temple
  2382 | D:4      | Reached skill level 1 in Fighting
  2595 | D:4      | Learned a level 2 spell: Sticks to Snakes
  2660 | D:4      | Found a radiant altar of Vehumet.
  2806 | D:4      | Found a glowing silver altar of Zin.
  2807 | D:4      | Found a sparkling altar of Nemelex Xobeh.
  2880 | D:4      | Reached XP level 7. HP: 57/62 MP: 7/7
  2917 | D:5      | Entered Level 5 of the Dungeon
  2991 | D:5      | Noticed Menkaure
  3013 | D:5      | Killed Menkaure
  3013 | D:5      | Reached skill level 8 in Unarmed Combat
  3352 | D:5      | Reached XP level 8. HP: 75/75 MP: 8/8
  3969 | D:6      | Noticed a hippogriff
  3981 | D:6      | Killed a hippogriff
  4011 | D:6      | Reached skill level 9 in Unarmed Combat
  4117 | D:6      | Found a shimmering altar of Xom.
  4652 | D:6      | Learned a level 3 spell: Spider Form
  4659 | D:7      | Reached XP level 9. HP: 85/85 MP: 9/9
  4883 | D:7      | Noticed Dowan
  4884 | D:7      | Noticed Duvessa
  4910 | D:7      | Killed Dowan
  5057 | D:7      | Killed Duvessa
  5106 | D:7      | Found a transporter.
  5134 | D:7      | Reached skill level 5 in Fighting
  5280 | D:7      | Found an ancient bone altar of Kikubaaqudgha.
  5305 | D:7      | Reached skill level 10 in Unarmed Combat
  5305 | D:7      | Reached skill level 5 in Transmutations
  5506 | D:7      | Found a stormy altar of Qazlal.
  5595 | D:7      | Noticed Yosebu's ghost (novice TrBe)
  5596 | D:7      | Found a transporter.
  5598 | D:7      | Identified the +6 great mace of Cheibriados's Anger
                  | {vorpal, Str+4}
  5598 | D:7      | Identified the +9 great mace of Wittuh {venom, *Corrode
                  | rPois Str+3 SInv}
  5598 | D:7      | Noticed a two-headed ogre
  5772 | D:8      | Reached skill level 1 in Evocations
  6007 | D:8      | Noticed a two-headed ogre
  6360 | D:9      | Noticed a troll
  6385 | D:8      | Reached skill level 1 in Stealth
  6401 | D:8      | Reached XP level 10. HP: 44/98 MP: 10/10
  6412 | D:9      | HP: 3/98 [troll (13)]
  6413 | D:9      | Mangled by a troll

Illustrated notes

Levels and vault maps discovered:
D:1:      dpeg_arrival_chambers_temple_mockup, layout_loops_cross,
          minmay_misc_feat_rugged
D:2:      layout_rooms, minmay_misc_feat_doors, minmay_quadrilaterals,
          uniq_jessica
D:3:      layout_rooms, kennysheep_slug_shrine, first_ration, uniq_robin
D:4:      layout_loops_ring, vehumet_statue, gammafunk_temple_overflow_pools,
          minmay_temple_entry_ruins
D:5:      kennysheep_big_flooded_room, layout_basic, serial_glass,
          glass_columns_a, glass_columns_a, glass_columns_b, glass_columns_c,
          glass_columns_b, glass_columns_b, glass_columns_c, glass_columns_a,
          item_on_display_a, due_unseen_surprise, minmay_strange_pillars,
          feat_on_display, uniq_menkaure
D:6:      layout_gridville, xom_confusion_cloud
D:7:      layout_cave_pools, nicolae_qazlal_style_of_elements,
          gammafunk_ghost_smash, basic_altar, the_bakery, uniq_duvessa
D:8:      layout_loops_ring
D:9:      layout_rooms
Temple:   eino_temple_scatter_basement

Skill      XL: |  1  2  3  4  5  6  7  8  9 |
---------------+----------------------------+-----
Unarmed Combat | 4 5 6 7 8 9 10 | 10.2
Fighting       | 1 3 4 5 |  5.8
Transmutations | 2 4 5 |  5.3
Dodging        | 2 |  2.5
Evocations     | 1 |  1.6
Stealth        | 1 |  1.2
Spellcasting   | |  1.2

Action                   |  1- 3 |  4- 6 |  7- 9 | 10-12 || total
-------------------------+-------+-------+-------+-------++-------
Melee: Unarmed           |    75 |   184 |   379 |     5 ||   643
       Punch             |     2 |     2 |    11 |       ||    15
       Headbutt          |       |       |     1 |       ||     1
Throw: Dart              |       |     8 |    43 |       ||    51
       Throwing net      |       |       |     1 |       ||     1
 Cast: Beastly Appendage |       |       |     2 |       ||     2
       Sticks to Snakes  |       |       |       |     1 ||     1
Evoke: Wand              |       |       |     1 |       ||     1
  Use: Scroll            |       |       |    11 |     1 ||    12
  Eat: Chunk             |    13 |    19 |    34 |       ||    66
Armor: Robe              |    20 |    53 |    72 |       ||   145
Dodge: Dodged            |    24 |    73 |   132 |     3 ||   232
